 Dungeon Crawl Stone Soup version 0.28-a0-1616-g050a50673c (webtiles) character file.

Game seed: 16571952217348979175

76 croobank the Skirmisher (level 4, 0/35 HPs)
             Began as a Demonspawn Abyssal Knight on Jan 22, 2022.
             Was an Initiate of Yredelemnul.
             Slain by an ufetubus (1 damage)
             ... on level 4 of the Dungeon.
             The game lasted 00:10:00 (2810 turns).

croobank the Skirmisher (Demonspawn Abyssal Knight) Turns: 2810, Time: 00:10:04

Health: 0/35       AC:  6    Str: 13    XL:     4   Next: 12%
Magic:  4/6        EV: 10    Int: 14    God:    Yredelemnul [......]
Gold:   102        SH:  0    Dex: 13    Spells: 3/3 levels left

rFire   . . .      SeeInvis .   a - +2 hand axe
rCold   . . .      Faith    .   (no shield)
rNeg    . . .      Spirit   .   g - +0 ring mail
rPois   .          Reflect  .   o - +0 helmet
rElec   .          Harm     .   (no cloak)
rCorr   .          Rampage  .   (no gloves)
Will    .....                   (no boots)
Stlth   +.........              (no amulet)
HPRegen 0.11/turn               (no ring)
MPRegen 0.10/turn               (no ring)

@: no status effects
A: ignite blood 1
a: Renounce Religion, Recall Undead Harvest


You were on level 4 of the Dungeon.
You worshipped Yredelemnul.
Yredelemnul was noncommittal.
You visited 1 branch of the dungeon, and saw 4 of its levels.
You visited the Abyss 1 time.

You collected 102 gold pieces.

Inventory:

Hand Weapons
 a - a +2 hand axe (weapon)
 b - a +0 hunting sling
 h - a +0 whip
Missiles
 c - 37 arrows
 d - 108 stones
 n - 3 poisoned darts
Armour
 g - a +0 ring mail (worn)
 i - a +0 leather armour
 o - a +0 helmet (worn)
 p - a +0 cloak
Scrolls
 j - a scroll of teleportation {unknown}
 k - a scroll of identify {unknown}
 m - a scroll of amnesia {unknown}


   Skills:
 + Level 3.4 Fighting
 + Level 2.3 Axes
 + Level 2.3 Armour
 + Level 1.7 Dodging
 + Level 3.3 Invocations


You had 3 spell levels left.
You didn't know any spells.
Your spell library was empty.

Dungeon Overview and Level Annotations

Branches:
Dungeon (4/15)
 Temple: D:4-7

Altars:
Yredelemnul
The Shining One


Innate Abilities, Weirdness & Mutations

Your demonic aura sometimes causes spilled blood to erupt in flames.


Message History

You completely miss the small abomination.
The small abomination hits you.
You hit the small abomination.
The small abomination is lightly damaged.
The small abomination hits you!
You hit the small abomination but do no damage.
The small abomination is lightly damaged.
The small abomination closely misses you.
You hit the small abomination but do no damage.
The small abomination is lightly damaged.
The small abomination hits you!
The small abomination hits you but does no damage.
You hit the small abomination but do no damage.
The small abomination is lightly damaged.
The small abomination hits you.
Okay, then.
It was a potion of cancellation.
You feel magically purged. The small abomination hits you!
* * * LOW HITPOINT WARNING * * *
Blink to where?
Press: ? - help, Dir - move target
As you read the scroll of blinking, it crumbles to dust.
There is a stone staircase leading down here.
You climb downwards.
There is a stone staircase leading up here.
Nothing appears to have answered your call.
You aren't carrying any potions.
As you read the scroll labelled UFFISHR GOWAFF, it crumbles to dust.
It is a scroll of enchant weapon.
Your +1 hand axe glows red for a moment.
You barely miss the ufetubus. The ufetubus closely misses you.
The ufetubus hits you but does no damage.
You hit the ufetubus.
The ufetubus is heavily wounded.
The ufetubus hits you but does no damage.
The ufetubus hits you.
* * * LOW HITPOINT WARNING * * *
The ufetubus closely misses you. The ufetubus hits you.
You die...
Your body rises from the dead as a mindless zombie.

... ..
..
######.
#......
#.....#
#.....#
#....@#
#....5#
#.....#
#.....#
#.....#
#.....#
#.....#
#......
#......


You could see an ufetubus.

Vanquished Creatures
  2 adders (D:3)
  4 orcs (D:3)
  5 endoplasms
  2 goblins
  8 hobgoblins
  7 jackals (D:1)
  3 quokkas
  6 bats
  A frilled lizard (D:1)
  A jackal zombie (D:1)
  3 kobolds
  3 rats
45 creatures vanquished.

Vanquished Creatures (collateral kills)
  A giant cockroach (D:1)
  2 kobolds
3 creatures vanquished.

Vanquished Creatures (others)
  An adder zombie (D:1)
  4 bat zombies
  2 goblin zombies
  2 hobgoblin zombies
  2 jackal zombies (D:1)
  A kobold zombie (D:3)
  A quokka zombie (D:2)
13 creatures vanquished.

Grand Total: 61 creatures vanquished

Notes
Turn   | Place    | Note
-------+----------+-------------------------------------------
     0 | Abyss:1  | croobank the Demonspawn Abyssal Knight began the quest for
                  | the Orb.
     0 | Abyss:1  | Reached XP level 1. HP: 18/18 MP: 2/2
    16 | Abyss:2  | Noticed a chaos spawn
    16 | D:1      | Escaped the Abyss
   263 | D:1      | Reached skill level 1 in Dodging
   523 | D:1      | Gained mutation: Your demonic aura sometimes causes spilled
                  | blood to erupt in flames. [demonic ancestry]
   523 | D:1      | Reached XP level 2. HP: 19/24 MP: 4/4
  1166 | D:1      | Found a faded altar of an unknown god.
  1176 | D:1      | Prayed at the altar of an unknown god.
  1176 | D:1      | Fell from the grace of Lugonu
  1176 | D:1      | Became a worshipper of Yredelemnul the Dark
  1176 | D:1      | Reached * piety under Yredelemnul
  1407 | D:1      | Reached XP level 3. HP: 29/29 MP: 5/5
  1513 | D:1      | Noticed a small abomination
  2373 | D:3      | Reached XP level 4. HP: 35/35 MP: 6/6
  2787 | D:3      | HP: 1/35 [small abomination[the touch of Lugonu] (12)]
  2810 | D:4      | HP: 1/35 [ufetubus (2)]
  2810 | D:4      | Slain by an ufetubus

Illustrated notes

Levels and vault maps discovered:
D:1:      saegor_arrival_simple_b, layout_loops_ring,
          hellmonk_ecumenical_altar_pennies_from_heaven
D:2:      minmay_roachtagon, layout_loops_ring, basic_altar,
          nicolae_figureground_sparkle
D:3:      layout_loops_ring, mainiacjoe_overflow_paths
D:4:      layout_gridville, serial_park_tiny_1, uniq_pikel, uniq_natasha,
          uniq_robin

Skill      XL: |  1  2  3 |
---------------+----------+-----
Dodging        | 1 |  1.7
Axes           | 2 |  2.3
Armour         | 2 |  2.3
Invocations    | 3 |  3.3
Fighting       | |  3.4

Action                   |  1- 3 |  4- 6 || total
-------------------------+-------+-------++-------
Melee: Hand axe          |   132 |    22 ||   154
Invok: Depart the Abyss  |     1 |       ||     1
       Recall Undead Har |       |     4 ||     4
  Use: Scroll            |     1 |     2 ||     3
       Potion            |     1 |     1 ||     2
 Stab: Sleeping          |     1 |       ||     1
       Distracted        |       |     1 ||     1
Armor: Leather armour    |    11 |       ||    11
       Ring mail         |    59 |     7 ||    66
Dodge: Dodged            |    93 |    14 ||   107

Table legend: (Time is in decaauts)
 A = Elapsed time spent in this place.
 B = Non-inter-level travel time spent in this place.
 C = Inter-level travel time spent in this place.
 D = Time resting spent in this place.
 E = Time spent auto-exploring this place.
 F = Levels seen in this place.
 G = Mean time per level.
                   A        B        C        D        E       F      G
               +--------+--------+--------+--------+--------+-----+--------+
         Total |   2841 |   2810 |     31 |      0 |   2191 |   6 |  473.5 |
       Dungeon |   2825 |   2794 |     31 |      0 |   2185 |   4 |  706.2 |
         Abyss |     15 |     15 |      0 |      0 |      6 |   2 |    7.5 |
               +--------+--------+--------+--------+--------+-----+--------+

Top non-repeatable levels by time:
     D:1: 1594 daAuts
     D:3: 975 daAuts
     D:2: 227 daAuts
     D:4: 27 daAuts
 Abyss:2: 11 daAuts
 Abyss:1: 4 daAuts
